 Dungeon Crawl Stone Soup version 0.28-a0-1506-g3893175d92 (webtiles) character file.

Game seed: 12927923568762665180

6 Lekart the Skirmisher (level 1, 0/19 HPs)
             Began as a Draconian Abyssal Knight on Jan 14, 2022.
             Was a Follower of Lugonu.
             Slain by a jackal (2 damage)
             ... on level 1 of the Dungeon.
             The game lasted 00:00:25 (252 turns).

Lekart the Skirmisher (Draconian Abyssal Knight)     Turns: 252, Time: 00:00:26

Health: 0/19       AC:  4    Str: 15    XL:     1   Next: 75%
Magic:  2/2        EV: 12    Int: 10    God:    Lugonu [*.....]
Gold:   0          SH:  0    Dex: 11    Spells: 0/0 levels left

rFire   . . .      SeeInvis .   a - +1 falchion
rCold   . . .      Faith    .   (no shield)
rNeg    . . .      Spirit   .   (armour unavailable)
rPois   .          Reflect  .   (helmet restricted)
rElec   .          Harm     .   (no cloak)
rCorr   .          Rampage  .   (no gloves)
Will    .....                   (no boots)
Stlth   +.........              (no amulet)
HPRegen 0.06/turn               (no ring)
MPRegen 0.08/turn               (no ring)

@: no status effects
A: AC +4, unfitting armour, cold-blooded
a: Renounce Religion, Depart the Abyss


You were on level 1 of the Dungeon.
You worshipped Lugonu.
Lugonu was aware of your devotion.
You visited 1 branch of the dungeon, and saw 1 of its levels.
You visited the Abyss 1 time.

Inventory:

Hand Weapons
 a - a +1 falchion (weapon)
Potions
 b - a potion of lignification {unknown}


   Skills:
 + Level 3.5 Fighting
 + Level 2.1 Long Blades
 + Level 2.2 Dodging
 * Level 2.1 Invocations


You couldn't memorise any spells.
You didn't know any spells.
Your spell library was empty.

Dungeon Overview and Level Annotations

Branches:
Dungeon (1/15)

Altars:


Innate Abilities, Weirdness & Mutations

Your plain brown scales are hard. (AC +4)
You cannot fit into any form of body armour.
You are cold-blooded and may be slowed by cold attacks.


Message History

You hit the rat.
You kill the rat!
Lugonu accepts your kill. The jackal barely misses you. The jackal bites you.
The jackal closely misses you.
You closely miss the goblin. The jackal misses you.
The goblin closely misses you. The jackal closely misses you. x2
The goblin barely misses you.
You closely miss the goblin. The jackal barely misses you.
The jackal bites you but does no damage.
The jackal bites you. The goblin misses you. The jackal closely misses you.
You hit the goblin.
You kill the goblin!
Lugonu accepts your kill. The jackal bites you. The jackal misses you.
The jackal barely misses you. The jackal closely misses you.
The jackal barely misses you.
Things that are here:
a +0 dagger; a goblin corpse
Found a whip.
Found 23 stones.
The jackal barely misses you. The jackal closely misses you.
The jackal barely misses you.
The jackal bites you but does no damage.
You miss the jackal. The jackal bites you. The jackal barely misses you.
The jackal bites you.
* * * LOW HITPOINT WARNING * * *
The jackal misses you.
You barely miss the jackal.
The jackal bites you but does no damage.
The jackal bites you.
* * * LOW HITPOINT WARNING * * *
The jackal closely misses you. The jackal barely misses you.
Things that are here:
a +0 dagger; a goblin corpse The jackal bites you but does no damage. x2
The jackal barely misses you. The jackal barely misses you. x2
You closely miss the jackal. Your punch misses the jackal.
The jackal bites you.
You die...

§.........$######.....#.....#
§.§..........##...#####....##
...§§....)...++...+.......##
...§..#......##...#....#.##
....)##......#........####
....###......#.....#.##
.............#..#.#### ..(
###.....hh.####
#######@..#.#### #......#.##
#.........####
#..........#.##
######........## ######....##
##....# ######


You could see 2 jackals.

Vanquished Creatures
  A bat (D:1)
  An endoplasm (D:1)
  A goblin (D:1)
  A jackal (D:1)
  A rat (D:1)
5 creatures vanquished.

Notes
Turn   | Place    | Note
-------+----------+-------------------------------------------
     0 | Abyss:1  | Lekart the Draconian Abyssal Knight began the quest for the
                  | Orb.
     0 | Abyss:1  | Reached XP level 1. HP: 19/19 MP: 2/2
     2 | Abyss:1  | Found a corrupted altar of Lugonu.
   116 | Abyss:2  | Noticed a neqoxec
   117 | D:1      | Escaped the Abyss
   232 | D:1      | Reached * piety under Lugonu
   252 | D:1      | Slain by a jackal

Illustrated notes

Levels and vault maps discovered:
D:1:      saegor_arrival_fortress, layout_basic, kennysheep_decorative_pillar,
          nicolae_figureground_pulse

Action                   || total
-------------------------++-------
Melee: Falchion          ||    16
       Tailslap          ||     1
Invok: Depart the Abyss  ||     1
Armor: Skin              ||     8
Dodge: Dodged            ||    43

Table legend: (Time is in decaauts)
 A = Elapsed time spent in this place.
 B = Non-inter-level travel time spent in this place.
 C = Inter-level travel time spent in this place.
 D = Time resting spent in this place.
 E = Time spent auto-exploring this place.
 F = Levels seen in this place.
 G = Mean time per level.
                   A        B        C        D        E       F      G
               +--------+--------+--------+--------+--------+-----+--------+
         Total |    254 |    254 |      0 |      0 |    209 |   3 |   84.7 |
       Dungeon |    137 |    137 |      0 |      0 |    101 |   1 |  137.0 |
         Abyss |    116 |    116 |      0 |      0 |    108 |   2 |   58.0 |
               +--------+--------+--------+--------+--------+-----+--------+

Top non-repeatable levels by time:
     D:1: 137 daAuts
 Abyss:1: 78 daAuts
 Abyss:2: 38 daAuts
